 Dungeon Crawl Stone Soup version 0.28.0-1-gb440e238dd (webtiles) character file.

Game seed: 1649677241666605823

1737 H0rd4k the Thaumaturge (level 8, 0/43 HPs)
             Began as a Deep Elf Hedge Wizard on Feb 21, 2022.
             Was an Initiate of Gozag.
             Shot with an arrow by a centaur (13 damage)
             ... on level 7 of the Dungeon.
             The game lasted 00:12:45 (9861 turns).

H0rd4k the Thaumaturge (Deep Elf Hedge Wizard)      Turns: 9861, Time: 00:12:47

Health: 0/43       AC:  5    Str:  7    XL:     8   Next: 76%
Magic:  18/25      EV: 12    Int: 22    God:    Gozag
Gold:   577        SH:  0    Dex: 14    Spells: 17/29 levels left

rFire   . . .      SeeInvis +   a - +0 dagger
rCold   + . .      Faith    .   (no shield)
rNeg    . . .      Spirit   .   r - +2 leather armour of Ignis's Favour {Will++ Slay+5 SInv}
rPois   .          Reflect  .   c - +0 hat
rElec   .          Harm     .   (no cloak)
rCorr   .          Rampage  .   (no gloves)
Will    ++...                   (no boots)
Stlth   ++........              (no amulet)
HPRegen 0.14/turn               f - ring of protection from cold
MPRegen 0.19/turn               w - ring of wizardry

@: no status effects
A: no striking features
a: Renounce Religion, Potion Petition, Call Merchant, Bribe Branch


You were on level 7 of the Dungeon.
You worshipped Gozag.
Gozag was pleased with you.
You visited 2 branches of the dungeon, and saw 8 of its levels.

You collected 623 gold pieces.
You paid 46 gold pieces to Gozag.

Inventory:

Hand Weapons
 a - a +0 dagger (weapon)
Missiles
 A - a throwing net
Armour
 b - a +0 robe
 c - a +0 hat (worn)
 r - the +2 leather armour of Ignis's Favour (worn) {Will++ Slay+5 SInv}
   (You found it on level 4 of the Dungeon)

   Slay:      It affects your accuracy & damage with ranged weapons and melee
   (+5).
   SInv:      It lets you see invisible.
   Will:      It greatly increases your willpower.
Magical Staves
 y - a staff of death
Jewellery
 f - a ring of protection from cold (left hand)
 l - a ring of ice
 w - a ring of wizardry (right hand)
Wands
 s - a wand of polymorph (10)
Scrolls
 e - 3 scrolls of identify
 i - a scroll of teleportation
 k - 3 scrolls of enchant armour
 n - a scroll of noise {unknown}
 t - a scroll of summoning {unknown}
 u - 2 scrolls of immolation
 x - 2 scrolls of magic mapping
 z - a scroll of amnesia {unknown}
Potions
 d - 3 potions of curing
 g - 2 potions of haste
 h - a potion of magic
 m - a potion of might
 o - a potion of invisibility
 q - a potion of attraction
 v - 2 potions of lignification


   Skills:
 + Level 1.0 Fighting
 + Level 3.8 Dodging
 - Level 2.4 Stealth
 + Level 11.1 Spellcasting
 + Level 7.2 Conjurations
 + Level 1.1 Summonings
 + Level 2.6 Translocations
 - Level 1.5 Fire Magic
 - Level 1.2 Air Magic
 - Level 1.3 Poison Magic


You had 17 spell levels left.
You knew the following spells:

 Your Spells              Type           Power      Damage    Failure   Level
a - Magic Dart            Conj           100%       1d8       1%          1
b - Blink                 Tloc           46%        N/A       1%          2
c - Conjure Flame         Conj/Fire      31%        6-21      1%          3
d - Mephitic Cloud        Conj/Pois/Air  26%        N/A       2%          3
e - Lesser Beckoning      Tloc           23%        N/A       3%          3

Your spell library contained the following spells:

 Spells                   Type           Power      Damage    Failure   Level
 Slow                     Hex            48%        N/A       3%          1
 Call Imp                 Summ           17%        N/A       3%          2
 Poisonous Vapours        Pois/Air       34%        N/A       3%          2
 Corpse Rot               Necr/Air       28%        N/A       4%          2
 Confusing Touch          Hex            12%        N/A       10%         3
 Vampiric Draining        Necr           12%        2d6       10%         3
 Manifold Assault         Tloc           23%        N/A       30%         5


Dungeon Overview and Level Annotations

Branches:
Dungeon (7/15)             Temple (1/1) D:4

Altars:
Cheibriados
Dithmenos
Gozag
Hepliaklqana
Makhleb
Nemelex Xobeh
Qazlal
Sif Muna
Trog
Uskayaw
Vehumet
Wu Jian
Xom

Shops:
D:1 (((   D:2 (=(

Annotations:
D:4 exclusion: downstairs
D:6 exclusion: downstairs


Message History

You blink.
Unknown command.
As you read the scroll of teleportation, it crumbles to dust.
You feel strangely unstable.
Casting: Blink (safe; 1% risk of failure)
Confirm with . or Enter, or press ? or * to list all spells.
You are still too unstable to blink.
You feel stable enough to blink again. The wyvern skeleton barely misses you.
Casting: Blink (safe; 1% risk of failure)
Confirm with . or Enter, or press ? or * to list all spells.
You don't know that spell.
Casting: Blink (safe; 1% risk of failure)
Confirm with . or Enter, or press ? or * to list all spells.
Aiming: Magic Dart (safe; 1% risk of failure)
Press: ? - help, Shift-Dir - straight line, f/p - wyvern skeleton
Aim: a wyvern skeleton (heavily damaged, 100% to hit)
The magic dart hits the wyvern skeleton!
The wyvern skeleton is severely damaged.
Your surroundings suddenly seem different.
A sky beast and 5 orcs come into view.
An orc wizard is wielding a +1 dagger of protection.
Found 12 gold pieces and a bone wand.
The orc warrior shouts!
You hear a shout!
The sky beast hits you.
* * * LOW HITPOINT WARNING * * *
The sky beast shocks you.
* * * LOW HITPOINT WARNING * * *
The orc priest shouts!
The orc shouts!
The orc wizard shouts!
The orc shouts!
You hear a shout!
You feel much better.
The sky beast flickers out of sight for a moment.
The sky beast hits you. The sky beast shocks you.
A centaur comes into view.
Found 20 gold pieces.
The centaur shouts!
The centaur wields a +0 shortbow.
The centaur shoots an arrow.
The arrow hits you!
You die...
Your body crumbles into a pile of gold.

.# ## ######.# ..
c.#......# ..#
.#.../..# ....
.......### #.#
#...# #.........
.. #..###......#
..
..##..oo.@....#
..
#....ooY##......$
.# ####...o#
..##... .#
#........$.. . .#
#......#.... <#
#.............
.....#
#...........##
.....#
#............
.#......
............


You could see an orc warrior, a sky beast (invisible), a centaur, an orc wizard
and 2 orcs.

Vanquished Creatures
  2 sky beasts (D:6)
  A necrophage (D:5)
  3 ogres
  A phantom (D:5)
  Blork the orc (D:5)
  3 scorpions
  A water moccasin skeleton (D:5)
  A howler monkey (D:5)
  2 bullfrog zombies (D:6)
  2 centaur zombies (D:5)
  2 hounds (D:5)
  A jelly (D:5)
  A gnoll shaman (D:6)
  A centaur skeleton (D:5)
  Natasha (thrice) (D:2)
  7 iguanas
  A mummy (D:5)
  2 howler monkey zombies (D:6)
  Robin (D:3)
  5 gnolls
  A howler monkey skeleton (D:4)
  6 adders
  3 shadow imps (D:6)
  A white imp (D:6)
  3 worms
  19 orcs
  4 ball pythons
  2 bats (D:1)
  8 endoplasms
  3 giant cockroaches (D:1)
  17 goblins
  7 hobgoblins
  4 kobolds
  2 quokkas (D:2)
  2 frilled lizards
  A quokka skeleton (D:4)
  4 rats
128 creatures vanquished.

Vanquished Creatures (others)
  A plant (D:4)
1 creature vanquished.

Grand Total: 129 creatures vanquished

Notes
Turn   | Place    | Note
-------+----------+-------------------------------------------
     0 | D:1      | H0rd4k the Deep Elf Hedge Wizard began the quest for the
                  | Orb.
     0 | D:1      | Reached XP level 1. HP: 10/10 MP: 7/7
   203 | D:1      | Reached skill level 5 in Spellcasting
   243 | D:1      | Reached XP level 2. HP: 15/15 MP: 6/10
   451 | D:1      | Found Myvac's Antique Weapon Shoppe.
   582 | D:1      | Found Winnen's Antique Weapon Shoppe.
   656 | D:1      | Found Siutt's Antique Weapon Boutique.
  1101 | D:2      | Reached XP level 3. HP: 19/19 MP: 7/12
  1104 | D:2      | Learned a level 2 spell: Blink
  1108 | D:2      | Learned a level 3 spell: Conjure Flame
  1112 | D:2      | Learned a level 3 spell: Mephitic Cloud
  1331 | D:2      | Found Waegox's Weapon Shoppe.
  1512 | D:2      | Found Fecorch's Jewellery Emporium.
  1722 | D:2      | Found Rukokk's Weapon Boutique.
  1973 | D:2      | Noticed Natasha
  1981 | D:2      | Killed Natasha
  1982 | D:2      | Reached XP level 4. HP: 23/24 MP: 7/13
  2335 | D:2      | Noticed Natasha
  2346 | D:2      | Killed Natasha
  2347 | D:2      | Reached skill level 1 in Air Magic
  2726 | D:2      | Noticed Natasha
  2747 | D:2      | Killed Natasha
  2748 | D:2      | Reached skill level 6 in Spellcasting
  2857 | D:3      | Reached skill level 1 in Fire Magic
  2907 | D:3      | Noticed an ogre
  2919 | D:3      | Killed an ogre
  2920 | D:3      | Reached skill level 1 in Poison Magic
  2920 | D:3      | Reached XP level 5. HP: 26/28 MP: 0/15
  3178 | D:3      | Noticed Robin
  3189 | D:3      | Killed Robin
  4160 | D:4      | Reached skill level 7 in Spellcasting
  4160 | D:4      | Reached XP level 6. HP: 21/32 MP: 9/18
  5093 | D:4      | Found a staircase to the Ecumenical Temple.
  5143 | Temple   | Entered the Ecumenical Temple
  5190 | Temple   | Became a worshipper of Gozag Ym Sagoz the Greedy
  5297 | D:4      | Identified the +2 leather armour of Ignis's Favour {Will++
                  | Slay+5 SInv}
  5687 | D:5      | Entered Level 5 of the Dungeon
  5913 | D:5      | Noticed Blork the orc
  5946 | D:5      | Reached XP level 7. HP: 16/36 MP: 3/20
  6300 | D:5      | Reached skill level 8 in Spellcasting
  6300 | D:5      | Reached skill level 5 in Conjurations
  6504 | D:5      | Found a sparkling altar of Nemelex Xobeh.
  6633 | D:5      | Reached skill level 9 in Spellcasting
  6890 | D:5      | Reached XP level 8. HP: 42/42 MP: 19/23
  7239 | D:5      | Found a snail-covered altar of Cheibriados.
  7604 | D:5      | Killed Blork the orc
  7870 | D:5      | Found a burning altar of Makhleb.
  7939 | D:5      | Learned a level 3 spell: Lesser Beckoning
  8147 | D:6      | Reached skill level 10 in Spellcasting
  9313 | D:6      | Reached skill level 1 in Fighting
  9313 | D:6      | Reached skill level 11 in Spellcasting
  9861 | D:7      | Shot with an arrow by a centaur

Illustrated notes

Levels and vault maps discovered:
D:1:      matt_arrival_diagonals, layout_rooms, serial_shops,
          nicolae_shop_overgrown_old_shop, shop, nicolae_shop_hallway_stairs,
          serial_curves, eino_curves_02, eino_curves_01, st_stairs_9
D:2:      layout_loops_ring, serial_shops, nicolae_shop_bloodbath_and_beyond,
          shop, shop, grunt_decor_one_mirror, kennysheep_generic_room_15,
          uniq_natasha
D:3:      layout_basic, hex_medium, kennysheep_generic_room_3, uniq_robin
D:4:      layout_loops_corners, minmay_temple_entry_gardened_gates,
          minmay_misc_feat_rows, eino_small_chamber_without_monster,
          roderic_filled_cross, ldierk_geyser
D:5:      layout_layer_cave, lightli_temple_of_fire, chei_slow_surprise,
          mainiacjoe_overflow_brackets, uniq_blork_the_orc
D:6:      layout_cave_pools, chequers_serial_rivers_large_b
D:7:      layout_rooms
Temple:   eino_temple_rhombus

Skill      XL: |  1  2  3  4  5  6  7  8 |
---------------+-------------------------+-----
Spellcasting   | 5 6 7 9 11 | 11.1
Dodging        | 3 |  3.8
Air Magic      | 1 |  1.2
Conjurations   | 2 3 4 5 7 |  7.2
Fire Magic     | 1 |  1.5
Poison Magic   | 1 |  1.3
Translocations | 2 |  2.6
Fighting       | 1 |  1.0
Stealth        | |  2.4
Summonings     | |  1.1

Action                   |  1- 3 |  4- 6 |  7- 9 || total
-------------------------+-------+-------+-------++-------
Melee: Dagger            |       |     1 |       ||     1
 Cast: Magic Dart        |    91 |   175 |   228 ||   494
       Conjure Flame     |       |     3 |    10 ||    13
       Mephitic Cloud    |       |     2 |     5 ||     7
       Blink             |       |     3 |    11 ||    14
Evoke: Wand              |       |       |     1 ||     1
  Use: Scroll            |       |       |    13 ||    13
       Potion            |       |       |     1 ||     1
Armor: Robe              |     1 |     1 |       ||     2
       Leather armour    |       |     2 |    17 ||    19
Dodge: Dodged            |    14 |    32 |    39 ||    85
